 Dungeon Crawl Stone Soup version 0.30.0-10-gfe55d96785 (webtiles) character file.

Game seed: 2947879433822575538

245 qw the Chopper (level 6, -1/38 HPs)
             Began as a Gargoyle Cinder Acolyte on May 17, 2023.
             Was a High Priest of Ignis.
             Slain by a gnoll sergeant
             ... wielding a +0 spear
              (6 damage)
             ... on level 4 of the Dungeon.
             The game lasted 00:01:21 (3026 turns).

qw the Chopper (Gargoyle Cinder Acolyte)            Turns: 3026, Time: 00:01:21

Health: -1/38      AC: 21    Str: 20    XL:     6   Next: 10%
Magic:  7/7        EV:  8    Int: 14    God:    Ignis [*****.]
Gold:   187        SH:  0    Dex:  5    Spells: 7/7 levels left

rFire   + + .        Y - +0 hand axe (flame)
rCold   . . .        (no shield)
rNeg    + . .        o - +0 chain mail
rPois   inf          g - +0 helmet
rElec   +            (no cloak)
rCorr   .            (no gloves)
SInv    .            (no boots)
Will    .....        (no amulet) Stlth
                     (no ring)
HPRegen 0.26/turn    (no ring)
MPRegen 0.10/turn

%: no passive effects
@: confused, fiery-armoured
A: sickness immunity, AC +4, negative energy resistance 1, electricity
resistance, torment resistance 1, petrification resistance, hooves 1, fire
resistance 1
a: Renounce Religion, Fiery Armour, Foxfire Swarm, Rising Flame


You were on level 4 of the Dungeon.
You worshipped Ignis.
Ignis was extremely pleased with you.
You visited 1 branch of the dungeon, and saw 4 of its levels.

You collected 187 gold pieces.


Innate Abilities, Weirdness & Mutations

You are immune to sickness and miasma.
Your stone body is resilient. (AC +4)
You are immune to poison.
You resist negative energy. (rN+)
You are resistant to electric shocks. (rElec)
You are resistant to unholy torment.
You are immune to petrification.
You have large cloven feet.
Your flesh is heat resistant. (rF+)


   Skills:
 - Level 4.1 Fighting
 + Level 5.0 Axes
 - Level 1.0 Throwing
 - Level 2.4 Armour
 - Level 1.0 Spellcasting
 - Level 3.0 Fire Magic


You had 7 spell levels left.
You didn't know any spells.
Your spell library contained the following spells:

 Spells                   Type           Power      Damage    Failure   Level
 Scorch                   Fire           18%        2d5       67%         2

Inventory:

Hand Weapons
 Y - a +0 hand axe of flaming (weapon)
Missiles
 i - 5 javelins (quivered)
 m - 5 boomerangs
Armour
 g - a +0 helmet (worn)
 o - a +0 chain mail (worn)
Scrolls
 e - 3 scrolls of identify
 n - 2 scrolls of teleportation
Potions
 a - a potion of invisibility {unknown}
 b - a potion of heal wounds {unknown}
 c - a potion of cancellation {unknown}
 d - a potion of lignification {unknown}
 h - 2 potions of curing {unknown}
 j - a potion of haste {unknown}
 k - a potion of mutation
 l - a potion of might

Dungeon Overview and Level Annotations

Branches:
Dungeon (4/15)             Temple (0/1) D:4

Altars:
Okawaru
Uskayaw
Zin


Message History

The gnoll sergeant is severely wounded.
Something hits you but does no damage.
Deactivating autopickup; reactivate with Ctrl-A.
Something hits you but does no damage.
Autopickup is now on.
Lua error: [string "/dgldir/rcfiles/crawl-bot-0.30/qwlua.rc"]:3701: Cannot currently process new keys (there is pending input)
You barely miss the gnoll sergeant. Your kick misses the gnoll sergeant.
The gnoll sergeant is severely wounded.
You barely miss something. You closely miss something.
The gnoll sergeant barely misses you. Something hits you but does no damage.
Deactivating autopickup; reactivate with Ctrl-A.
You hear some strange, mumbled words.
A puff of flame appears from out of thin air!
The puff of flame hits you but does no damage.
Autopickup is now on.
Lua error: [string "/dgldir/rcfiles/crawl-bot-0.30/qwlua.rc"]:3701: Cannot currently process new keys (there is pending input)
You hit the gnoll sergeant but do no damage.
You kick the gnoll sergeant, but do no damage.
The gnoll sergeant is severely wounded.
You closely miss something. You hit something but do no damage.
The gnoll sergeant hits you with a +0 spear.
The gnoll sergeant is burned by your cloak of flames.
The gnoll sergeant is almost dead.
You hear some strange, mumbled words.
Deactivating autopickup; reactivate with Ctrl-A.
You are confused.
You hear some strange, mumbled words.
A puff of flame appears from out of thin air!
The puff of flame hits you. You resist.
Autopickup is now on.
Lua error: [string "/dgldir/rcfiles/crawl-bot-0.30/qwlua.rc"]:3701: Cannot currently process new keys (there is pending input)
The gnoll sergeant hits you but does no damage.
The gnoll sergeant is burned by your cloak of flames.
The gnoll sergeant is almost dead.
Something hits you.
You feel a bit more experienced. Something hits you but does no damage.
You feel a bit more experienced.
Your Fighting skill increases to level 4!
You have reached level 6!
The gnoll sergeant hits you with a +0 spear.
You die...

.............####....# ####..#
###########.#####....+ #..# ##
#.##..##%.## #...
.##########.#....'##### #..#
............#....##?[)## #.##
.#############..##.....# #.#
...###########'##....... #.#
#..<.......##..##)..8... #.#
#..........#)...@g%...(. #.#
#..........#...)##.....# #.#
#..........##..#+ ?$=## #.##
#..........##### ### #.#.
#..........# #.#. ...........#
######>.. #..........####
#.....#.. #.............#######
#........
...........##.......#####.#...##.


You could see a gnoll sergeant.

Vanquished Creatures
  A hound (D:4)
  2 orc wizards (D:4)
  A gnoll (D:4)
  7 adders
  3 dart slugs
  An orc (D:2)
  7 ball pythons
  11 bats
  8 endoplasms
  3 giant cockroaches
  5 goblins
  8 hobgoblins
  5 jackals
  3 quokkas
  3 frilled lizards
  8 kobolds
  6 rats
82 creatures vanquished.

Notes
Turn   | Place    | Note
-------+----------+-------------------------------------------
     0 | D:1      | qw the Gargoyle Cinder Acolyte began the quest for the Orb.
     0 | D:1      | Reached XP level 1. HP: 14/14 MP: 2/2
     0 | D:1      | 0 ||| qw: Version: 0.2-a-95-g4c1bab1
     0 | D:1      | 0 ||| qw: Game counter: 106
     0 | D:1      | 0 ||| qw: Always use a shield: true
     0 | D:1      | 0 ||| qw: God list: Okawaru
     0 | D:1      | 0 ||| qw: Allow faded altars: false
     0 | D:1      | 0 ||| qw: Do Orc after D:15 true
     0 | D:1      | 0 ||| qw: Do second Lair branch before Depths: true
     0 | D:1      | 0 ||| qw: Lair rune preference: random
     0 | D:1      | 0 ||| qw: Plans: Normal
     0 | D:1      | 0 ||| PLANNING D:1-11
    72 | D:1      | Reached skill level 3 in Axes
    87 | D:1      | Found a faded altar of an unknown god.
    94 | D:1      | Reached XP level 2. HP: 19/19 MP: 3/3
   270 | D:1      | 270 ||| Stepping ~*~*~tactically~*~*~ (stealth).
   272 | D:1      | 272 ||| Stepping ~*~*~tactically~*~*~ (stealth).
   274 | D:1      | 274 ||| Stepping ~*~*~tactically~*~*~ (stealth).
   460 | D:1      | Reached XP level 3. HP: 23/23 MP: 4/4
   470 | D:1      | 470 ||| Stepping ~*~*~tactically~*~*~ (stealth).
   606 | D:1      | Reached skill level 1 in Throwing
   943 | D:1      | 943 ||| UPGRADING to +0 scale mail.
   953 | D:1      | 953 ||| DROPPING +0 robe.
   954 | D:1      | 954 ||| READING scroll labelled BOUNOL ELAWUF.
   955 | D:1      | 955 ||| READING scroll labelled GIORIN QOJI.
   956 | D:1      | 956 ||| READING scroll labelled JITEMN CAXETT.
   961 | D:1      | 961 ||| READING scroll labelled LOAKUAM QIWKA.
   962 | D:1      | 962 ||| DRINKING 2 white potions.
   962 | D:1      | Gained mutation: You have a pair of small antennae on your
                  | head. [potion of mutation]
   962 | D:1      | Gained mutation: You have large cloven feet. [potion of
                  | mutation]
   962 | D:1      | Lost mutation: You have a pair of small antennae on your
                  | head. [potion of mutation]
   962 | D:1      | Gained mutation: Your flesh is heat resistant. (rF+)
                  | [potion of mutation]
  1207 | D:2      | Found a glowing silver altar of Zin.
  1240 | D:2      | Reached skill level 1 in Armour
  1273 | D:2      | 1273 ||| Stepping ~*~*~tactically~*~*~ (stealth).
  1285 | D:2      | Reached XP level 4. HP: 25/28 MP: 5/5
  1698 | D:2      | Reached skill level 4 in Axes
  1728 | D:2      | 1728 ||| UPGRADING to +0 helmet.
  1733 | D:2      | 1733 ||| READING 2 scrolls labelled XUGHIP SOXTO.
  1734 | D:2      | 1734 ||| READING scroll labelled DOEWEM VYVENOI.
  1735 | D:2      | 1735 ||| DRINKING 2 green potions.
  1736 | D:2      | 1736 ||| DROPPING scroll of vulnerability.
  1737 | D:2      | 1737 ||| DROPPING potion of brilliance.
  1807 | D:3      | 1807 ||| STAIRDANCE
  1815 | D:2      | 1815 ||| INVOKING Fiery Armour.
  2035 | D:3      | 2035 ||| Stepping ~*~*~tactically~*~*~ (hiding).
  2172 | D:3      | 2172 ||| Stepping ~*~*~tactically~*~*~ (hiding).
  2515 | D:3      | Found a hide-covered altar of Uskayaw.
  2515 | D:3      | Found an iron altar of Okawaru.
  2525 | D:3      | 2525 ||| UPGRADING to +0 chain mail.
  2535 | D:3      | 2535 ||| DROPPING +0 scale mail.
  2536 | D:3      | 2536 ||| READING scroll labelled BYRU QENLANKUE.
  2537 | D:3      | 2537 ||| DRINKING 2 red potions.
  2538 | D:3      | 2538 ||| READING 2 scrolls of identify.
  2538 | D:3      | 2538 ||| IDENTIFYING purple potion
  2539 | D:3      | 2539 ||| DROPPING potion of attraction.
  2581 | D:4      | Reached XP level 5. HP: 32/32 MP: 6/6
  2876 | D:4      | Found a staircase to the Ecumenical Temple.
  2938 | D:4      | 2938 ||| Stepping ~*~*~tactically~*~*~ (hiding).
  3013 | D:4      | 3013 ||| INVOKING Fiery Armour.
  3017 | D:4      | Reached skill level 5 in Axes
  3024 | D:4      | HP: 6/32 [something/puff of flame (3)]
  3026 | D:4      | Reached XP level 6. HP: 5/38 MP: 7/7
  3026 | D:4      | Slain by a gnoll sergeant

Levels and vault maps discovered:
D:1:      dpeg_arrival_tiny_c, layout_loops_ring,
          shapermc_ecumenical_altar_mp_ritualfount
D:2:      layout_basic, basic_altar, minmay_misc_feat_four_crosses
D:3:      layout_loops_ring, nicolae_overflow_two_pavilions
D:4:      minmay_bubble_buster, layout_basic, minmay_temple_entry_mini_moons,
          minmay_circle_x

Skill      XL: |  1  2  3  4  5 |
---------------+----------------+-----
Axes           | 3 4 5 |  5.0
Throwing       | 1 |  1.0
Armour         | 1 2 |  2.4
Fighting       | 4 |  4.1
Spellcasting   | |  1.0
Fire Magic     | |  3.0

Action                     |  1- 3 |  4- 6 || total
---------------------------+-------+-------++-------
  Melee: Hand axe          |   115 |    95 ||   210
         Kick              |     3 |    11 ||    14
  Throw: Javelin           |    26 |    27 ||    53
 Invoke: Fiery Armour      |       |     2 ||     2
    Use: Scroll            |     4 |     4 ||     8
         Potion            |     1 |     2 ||     3
 Armour: Robe              |    33 |       ||    33
         Scale mail        |    19 |    17 ||    36
         Chain mail        |       |    40 ||    40
  Dodge: Dodged            |    60 |    52 ||   112

Table legend:
 A = Non-vault XP
 B = Vault XP
 C = Vault XP percentage of total XP
 D = Non-vault monster count
 E = Vault monster count
 F = Vault count percentage of total count
                 A         B        C        D         E       F
            +---------+---------+-------+---------+---------+-------
      Total |     193 |     158 |  45.0 |      70 |      12 |  14.6
            +---------+---------+-------+---------+---------+-------
        D:1 |      56 |       0 |   0.0 |      32 |       0 |   0.0
        D:2 |      51 |       0 |   0.0 |      17 |       0 |   0.0
        D:3 |      32 |       0 |   0.0 |      12 |       0 |   0.0
        D:4 |      54 |     158 |  74.5 |       9 |      12 |  57.1
            +---------+---------+-------+---------+---------+-------
